 Dungeon Sprint DCSS version 0.22-a0-32-ga749362 (webtiles) character file.

15757 Faca the Executioner (level 12, -9/130 HPs)
             Began as a Minotaur Berserker on Jan 3, 2018.
             Was the Champion of Trog.
             Killed from afar by an ice dragon (38 damage)
             ... with a blast of cold
             ... in the Dungeon (Sprint IX: "|||||||||||||||||||||||||||||").
             The game lasted 00:09:52 (2348 turns).

Faca the Executioner (Minotaur Berserker)           Turns: 2348, Time: 00:09:52

Health: -9/130     AC: 25    Str: 25    XL:     12   Next: 4%
Magic:  4/11       EV: 12    Int:  4    God:    Trog [******]
Gold:   808        SH:  0    Dex: 12    Spells: 11/11 levels left

rFire    + . .     SeeInvis .   q - +2 battleaxe (elec)
rCold    . . .     Gourm    .   (shield currently unavailable)
rNeg     . . .     Faith    .   r - +2 plate armour {rF+}
rPois    .         Spirit   .   (helmet restricted)
rElec    .         Reflect  .   (no cloak)
rCorr    .         Harm     .   a - +2 pair of gloves {archery}
MR       .....     NoTele   +   (no boots)
Stlth    ..........             (no amulet)
HPRegen  0.31/turn              o - +2 ring of protection
MPRegen  0.12/turn              p - +2 ring of protection

@: no status effects
A: retaliatory headbutt, horns 2
a: Berserk, Trog's Hand, Brothers in Arms, Burn Spellbooks, Renounce Religion


You were in the Dungeon.
You worshipped Trog.
Trog was exalted by your worship.
You were not hungry.

You visited 1 branch You collected 1612 gold pieces.
You spent 804 gold pieces at shops.

Inventory:

Hand Weapons
 m - a +2 morningstar of protection
 q - a +2 battleaxe of electrocution (weapon)
 y - the +5 quarterstaff "Pusuoty" {antimagic, rElec rPois rN++}
   (You found it in the Dungeon)

   It reduces the magical energy of the wielder, and disrupts the spells and
   magical abilities of those hit.
   Natural abilities and divine invocations are not affected.
   It insulates you from electricity.
   It protects you from poison.
   It greatly protects you from negative energy.
Armour
 a - a +2 pair of gloves of archery (worn)
 r - a +2 plate armour of fire resistance (worn)
Jewellery
 o - a +2 ring of protection (left hand)
 p - a +2 ring of protection (right hand)
 t - an uncursed ring of ice
 v - an uncursed ring of protection from magic
 w - an uncursed ring of protection from magic
 x - an uncursed ring of fire
Wands
 l - a wand of acid (10)
Scrolls
 c - 3 scrolls of fear
 i - 2 scrolls of blinking
 k - 5 scrolls of remove curse
 n - 3 scrolls of enchant weapon
 A - 4 scrolls of enchant armour
Potions
 b - 5 potions of brilliance
 d - 6 potions of curing
 e - 4 potions of heal wounds
 f - 2 potions of haste
 g - 4 potions of magic
 h - 2 potions of berserk rage
 j - a potion of invisibility
 u - a potion of flight
 z - a potion of resistance
Comestibles
 s - 9 rations


   Skills:
 + Level 19.4 Fighting
 + Level 22.7 Axes
 - Level 2.7(15.7) Maces & Flails
 + Level 1.0(2.0) Staves
 + Level 13.1 Armour
 + Level 10.6 Dodging


You had 11 spell levels left.
You didn't know any spells.

Dungeon Overview and Level Annotations

Branches:
Dungeon (1/1)

Altars:
Cheibriados
Dithmenos
Elyvilon
Fedhas
Gozag
Hepliaklqana
Kikubaaqudgha
Makhleb
Nemelex Xobeh
Okawaru
Qazlal
Ru
Sif Muna
Trog
Uskayaw
Vehumet
Wu Jian
Xom
Yredelemnul
Zin
The Shining One
Beogh
Jiyva
Lugonu

Shops:
D =%%[


Innate Abilities, Weirdness & Mutations

You reflexively headbutt those who attack you in melee.
You have a pair of horns on your head.


Message History

The ice dragon is moderately wounded.
The ice dragon bites you.
* * * LOW HITPOINT WARNING * * *
The ice dragon barely misses you.
The ice dragon tramples you but does no damage.
You slash the ice dragon!
Lightning courses through the ice dragon!
The ice dragon is heavily wounded.
You hit the ice dragon.
Lightning courses through the ice dragon!
The ice dragon is severely wounded.
The ice dragon bites you but does no damage.
The ice dragon claws you but does no damage.
The ice dragon tramples you but does no damage.
You hit the ice dragon but do no damage.
Lightning courses through the ice dragon!
The ice dragon is almost dead.
The ice dragon breathes frost at you. The blast of cold hits you!
You die...

▓.▓.▓.▓.▓∩▓.▓.▓
▓[▓.▓.▓.▓[▓.▓.▓
▓[▓.▓.▓.▓∩▓.▓.▓
▓)▓.▓.▓.▓.▓.▓D▓
▓|▓.▓†▓.▓)▓.▓F▓
▓?▓.▓.▓.▓)▓.▓Z▓
▓.▓.▓†▓.▓[▓.▓G▓
▓'▓.▓†▓.▓)▓.▓D▓
▓_▓.▓)▓.▓)▓.▓@▓
▓_▓.▓.▓.▓.▓.▓.▓
▓_▓.▓.▓.▓.▓.▓.▓
▓_▓.▓.▓.▓)▓.▓.▓
▓_▓.▓.▓.▓)▓.▓.▓
▓_▓.▓.▓.▓.▓.▓.▓
▓_▓.▓.▓.▓)▓.▓.▓
▓_▓.▓.▓.▓(▓.▓.▓
▓_▓.▓.▓.▓)▓.▓.▓


You could see a fire dragon, an ice dragon, a great orb of eyes, a bullfrog and
an adder skeleton.

Vanquished Creatures
  An ettin (D)
  2 hydras (D)
  A centaur warrior (D)
  A tengu warrior (D)
  7 orc high priests (D)
  2 orc knights (D)
  An orc sorcerer (D)
  An ugly thing (D)
  A black mamba (D)
  A spiny frog (D)
  A gargoyle (D)
  2 komodo dragons (D)
  6 polar bears (D)
  A blink frog (D)
  2 hippogriffs (D)
  2 wraiths (D)
  3 yaks (D)
  Grum (D)
  2 water moccasins (D)
  A porcupine (D)
  9 orc warriors (D)
  2 black bears (D)
  An ogre (D)
  3 wolves (D)
  A crocodile (D)
  4 bullfrogs (D)
  A crimson imp (D)
  9 orc priests (D)
  A jelly (D)
  5 orc wizards (D)
  An adder (D)
  A shadow imp (D)
  An adder skeleton (D)
  2 adder zombies (D)
  A leopard gecko (D)
  8 orcs (D)
  2 bat skeletons (D)
  A giant cockroach (D)
  A hobgoblin (D)
  A jackal (D)
  A bat (D)
  A rat (D)
96 creatures vanquished.

Notes
Turn   | Place    | Note
-------+----------+-------------------------------------------
     0 | D        | Faca the Minotaur Berserker began the quest for the Orb.
     0 | D        | Reached XP level 1. HP: 19/19 MP: 0/0
     8 | D        | Reached skill level 4 in Axes
     9 | D        | Reached ** piety under Trog
   113 | D        | Noticed a crimson imp
   118 | D        | Reached *** piety under Trog
   118 | D        | Reached XP level 2. HP: 27/28 MP: 1/1
   125 | D        | Reached skill level 5 in Fighting
   125 | D        | Reached skill level 5 in Axes
   129 | D        | Killed a crimson imp
   129 | D        | Reached skill level 6 in Axes
   129 | D        | Reached XP level 3. HP: 25/37 MP: 2/2
   223 | D        | Found a roughly hewn altar of Beogh.
   223 | D        | Found a snail-covered altar of Cheibriados.
   223 | D        | Found a shadowy altar of Dithmenos.
   223 | D        | Found a white marble altar of Elyvilon.
   223 | D        | Found a blossoming altar of Fedhas.
   223 | D        | Found an opulent altar of Gozag.
   224 | D        | Found a hazy altar of Hepliaklqana.
   225 | D        | Found a viscous altar of Jiyva.
   226 | D        | Found an ancient bone altar of Kikubaaqudgha.
   227 | D        | Found a corrupted altar of Lugonu.
   228 | D        | Found a burning altar of Makhleb.
   229 | D        | Found a sparkling altar of Nemelex Xobeh.
   230 | D        | Found an iron altar of Okawaru.
   231 | D        | Found a stormy altar of Qazlal.
   232 | D        | Found a sacrificial altar of Ru.
   233 | D        | Found a deep blue altar of Sif Muna.
   234 | D        | Found a bloodstained altar of Trog.
   235 | D        | Found a hide-covered altar of Uskayaw.
   236 | D        | Found a radiant altar of Vehumet.
   237 | D        | Found an ornate altar of the Wu Jian Council.
   238 | D        | Found a shimmering altar of Xom.
   239 | D        | Found a basalt altar of Yredelemnul.
   240 | D        | Found a glowing silver altar of Zin.
   241 | D        | Found a glowing golden altar of the Shining One.
   285 | D        | Reached **** piety under Trog
   285 | D        | Reached skill level 7 in Axes
   285 | D        | Reached XP level 4. HP: 30/45 MP: 0/3
   286 | D        | Reached skill level 8 in Axes
   293 | D        | Reached ***** piety under Trog
   293 | D        | Received a gift from Trog
   293 | D        | Reached XP level 5. HP: 34/53 MP: 0/4
   294 | D        | Reached skill level 9 in Axes
   402 | D        | Noticed a gargoyle
   402 | D        | Noticed a wraith
   402 | D        | Noticed an ogre
   402 | D        | Noticed a purple ugly thing
   412 | D        | Killed a purple ugly thing
   412 | D        | Reached skill level 10 in Fighting
   412 | D        | Reached skill level 12 in Axes
   412 | D        | Reached skill level 5 in Dodging
   412 | D        | Reached XP level 6. HP: 59/67 MP: 5/5
   412 | D        | Reached XP level 7. HP: 64/73 MP: 6/6
   421 | D        | Killed a wraith
   421 | D        | Reached skill level 13 in Axes
   425 | D        | Killed a gargoyle
   425 | D        | Reached skill level 14 in Axes
   425 | D        | Reached XP level 8. HP: 22/83 MP: 7/7
   820 | D        | Noticed a black mamba
   820 | D        | Noticed a hippogriff
   820 | D        | Noticed a spiny frog
   826 | D        | Killed a spiny frog
   826 | D        | Received a gift from Trog
   826 | D        | Reached skill level 15 in Axes
   829 | D        | Killed a hippogriff
   833 | D        | Killed a black mamba
   833 | D        | Reached skill level 16 in Axes
   833 | D        | Reached XP level 9. HP: 93/93 MP: 8/8
   834 | D        | Noticed a komodo dragon
   842 | D        | Killed a komodo dragon
   842 | D        | Reached ****** piety under Trog
   842 | D        | Reached skill level 17 in Axes
   887 | D        | Noticed a komodo dragon
   897 | D        | Received a gift from Trog
   900 | D        | Noticed a seven-headed hydra
   909 | D        | Killed a komodo dragon
   909 | D        | Reached skill level 18 in Axes
   916 | D        | Killed a seven-headed hydra
   916 | D        | Received a gift from Trog
   916 | D        | Reached skill level 1 in Maces & Flails
   916 | D        | Reached XP level 10. HP: 46/104 MP: 2/9
  1144 | D        | Reached skill level 15 in Fighting
  1155 | D        | Reached skill level 19 in Axes
  1155 | D        | Reached skill level 10 in Armour
  1164 | D        | Received a gift from Trog
  1324 | D        | Noticed Grum
  1338 | D        | Killed Grum
  1484 | D        | Received a gift from Trog
  1498 | D        | Noticed an orc knight
  1498 | D        | Received a gift from Trog
  1510 | D        | Killed an orc knight
  1700 | D        | Noticed an orc high priest
  1700 | D        | Noticed an orc knight
  1703 | D        | Reached skill level 20 in Axes
  1706 | D        | Killed an orc knight
  1707 | D        | Noticed a rust devil
  1710 | D        | Received a gift from Trog
  1712 | D        | Noticed an orc sorcerer
  1714 | D        | Killed an orc high priest
  1714 | D        | Reached skill level 10 in Dodging
  1714 | D        | Reached XP level 11. HP: 116/116 MP: 4/10
  1717 | D        | Received a gift from Trog
  1728 | D        | Noticed a sixfirhy
  1728 | D        | Killed an orc sorcerer
  1734 | D        | Received a gift from Trog
  1795 | D        | Found Xoyleg's Antique Armour Boutique.
  1795 | D        | Noticed an orc high priest
  1795 | D        | Noticed an orc high priest
  1795 | D        | Noticed an orc high priest
  1795 | D        | Noticed an orc high priest
  1798 | D        | Killed an orc high priest
  1798 | D        | Reached skill level 21 in Axes
  1802 | D        | Killed an orc high priest
  1805 | D        | Killed an orc high priest
  1809 | D        | Found Dicasaga's Food Shop.
  1820 | D        | Killed an orc high priest
  1821 | D        | Found Xegg's Food Boutique.
  1828 | D        | Found Hajary's Jewellery Shop.
  1830 | D        | Noticed an orc high priest
  1831 | D        | Noticed an orc high priest
  1834 | D        | Received a gift from Trog
  1841 | D        | Killed an orc high priest
  1854 | D        | Killed an orc high priest
  1854 | D        | Reached skill level 22 in Axes
  1877 | D        | Bought a pair of embroidered gloves for 180 gold pieces
  1877 | D        | Bought a runed plate armour for 624 gold pieces
  2270 | D        | Got the +5 quarterstaff "Pusuoty" {antimagic, rElec rPois rN++}
  2301 | D        | Noticed a tengu warrior
  2301 | D        | Noticed a centaur warrior
  2302 | D        | Noticed a six-headed hydra
  2305 | D        | Killed a centaur warrior
  2312 | D        | Noticed an ettin
  2322 | D        | Killed a tengu warrior
  2322 | D        | Received a gift from Trog
  2323 | D        | Noticed an ice dragon
  2329 | D        | Killed a six-headed hydra
  2332 | D        | Noticed a great orb of eyes
  2340 | D        | Killed an ettin
  2340 | D        | Reached skill level 1 in Staves
  2340 | D        | Reached XP level 12. HP: 19/130 MP: 3/11
  2340 | D        | Noticed a fire dragon
  2348 | D        | Killed from afar by an ice dragon

Vault maps used:
D:        linesprint

Skill      XL: |  1  2  3  4  5  6  7  8  9 10 11 |
---------------+----------------------------------+-----
Fighting       | 4 6 7 10 12 13 14 16 19 | 19.4
Axes           | 4 6 7 8 12 14 16 18 20 22 | 22.7
Armour         | 3 4 6 7 9 11 13 | 13.1
Dodging        | 3 4 5 7 8 9 10 | 10.6
Maces & Flails | 1 2 |  2.7
Staves         | 1 |  1.0

Action                   |  1- 3 |  4- 6 |  7- 9 | 10-12 || total
-------------------------+-------+-------+-------+-------++-------
Melee: Hand axe          |    28 |       |       |       ||    28
       Headbutt          |     7 |     3 |     9 |    42 ||    61
       War axe           |     2 |    17 |    30 |       ||    49
       Battleaxe         |       |       |    22 |   182 ||   204
       Morningstar       |       |       |     6 |     4 ||    10
       Quarterstaff      |       |       |       |     6 ||     6
Invok: Berserk           |       |     1 |     1 |     1 ||     3
  Use: Scroll            |       |       |       |     1 ||     1
       Potion            |       |       |       |     4 ||     4
  Eat: Ration            |       |       |     1 |     1 ||     2
       Chunk             |       |       |       |     1 ||     1
Armor: Animal skin       |     9 |       |       |       ||     9
       Scale mail        |       |     6 |    15 |    22 ||    43
       Plate armour      |       |       |       |    58 ||    58
Dodge: Dodged            |    16 |     7 |    34 |    90 ||   147

Table legend:
 A = Spawn XP
 B = Non-spawn XP
 C = Spawn XP percentage of total XP
 D = Spawn monster count
 E = Non-spawn monster count
 F = Spawn count percentage of total count
 G = Total turns spent on level
                    A         B        C        D         E        F      G
               +---------+---------+-------+---------+---------+-------+---------
         Total |       0 |   22511 |   0.0 |       0 |      96 |   0.0 |  2348
               +---------+---------+-------+---------+---------+-------+---------
             D |       0 |   22511 |   0.0 |       0 |      96 |   0.0 |  2348
               +---------+---------+-------+---------+---------+-------+---------
